Map: Disco Bloodbath LE

Players

Fuego

  • Race: Terran Terran
  • Spawn Location: 3:00

TSGNice (Nice) - Winner!

  • Race: Protoss Protoss
  • Spawn Location: 9:00

Event: NationWars 2019

VOD

Have the link to the VOD?

Description

Time

  • Played on: Oct. 6, 2019, 11:31 a.m.
  • Length: 6:30
Show
View Real Time Build Order
Export as new Build Order

Fuego Terran 

Build Orders: Gas First Reaper Expand 

Get SALT Encoding   

  12  0:00  SCV  
  13  0:13  SCV  
  14  0:17  Supply Depot  
  14  0:24  Refinery  
  14  0:27  SCV  
  15  0:42  Barracks  
  15  0:44  SCV  
  16  0:56  SCV  
  17  1:09  SCV  
  18  1:21  SCV  
  19  1:29  Reaper  
  20  1:33  Orbital Command  
  20  1:47  Command Center  
  20  2:00  Factory  
  20  2:01  SCV  
  21  2:05  Barracks Reactor  
  21  2:13  SCV  
  22  2:17  Supply Depot  
  22  2:22  Refinery  
  22  2:25  SCV  
  23  2:39  SCV  
  23  2:42  Marine x2  
  26  2:45  Starport  
  26  2:48  Factory Tech Lab  
  26  2:51  SCV  
  27  3:00  Orbital Command  
  27  3:07  Marine x2  
  32  3:15  Barracks  
  32  3:16  SCV  
  30  3:25  Factory Tech Lab  
  30  3:28  Barracks  
  30  3:30  Marine  
  30  3:35  SCV  
  30  3:39  Marine  
  33  3:45  Banshee  
  35  3:49  Cyclone  
  35  3:53  SCV  
  40  3:57  Marine  
  40  4:02  Marine  
  41  4:05  Supply Depot, Marine  
  42  4:16  Marine  
  43  4:21  Siege Tank  
  46  4:27  Marine x3  
  48  4:36  Banshee  
  48  4:38  SCV  
  51  4:43  Marine  
  51  4:44  Marine  
  52  4:53  Supply Depot  
  52  4:55  Orbital Command  
  52  4:58  SCV  
  39  5:14  SCV  
  34  5:23  Siege Tank  
  34  5:26  SCV  
  28  5:44  Orbital Command  
  28  5:45  SCV  
  28  5:46  Marine  
  28  5:54  Marine x2  
  30  5:57  SCV  
  31  6:09  SCV  
Show
View Real Time Build Order
Export as new Build Order

TSGNice Protoss - Winner!

Build Orders: 1 Gate Expand 

Get SALT Encoding   

  12  0:00  Probe  
  13  0:13  Probe  
  14  0:17  Pylon  
  14  0:25  Probe  
  15  0:37  Probe (Chrono Boost), Gateway  
  16  0:44  Assimilator  
  16  0:48  Probe (Chrono Boost)  
  17  0:53  Probe (Chrono Boost)  
  19  1:04  Probe  
  19  1:16  Probe  
  20  1:24  Cybernetics Core  
  20  1:33  Nexus  
  20  1:40  Pylon  
  20  1:45  Assimilator  
  20  1:48  Probe  
  21  1:57  Adept (Chrono Boost)  
  21  2:00  Probe, Warp Gate  
  24  2:13  Probe  
  25  2:17  Adept (Chrono Boost)  
  27  2:25  Probe  
  27  2:31  Robotics Facility  
  27  2:37  Probe  
  27  2:39  Adept (Chrono Boost)  
  30  2:47  Probe  
  30  2:49  Probe  
  32  2:59  Probe  
  32  3:00  Adept  
  35  3:14  Gateway  
  35  3:16  Warp Prism (Chrono Boost)  
  35  3:17  Gateway  
  37  3:23  Probe x2  
  39  3:35  Probe x2  
  39  3:38  Pylon  
  41  3:47  Probe x2  
  43  3:49  Stalker, Observer (Chrono Boost)  
  46  3:59  Probe x2  
  46  4:01  Observer (Chrono Boost)  
  46  4:02  Pylon  
  49  4:13  Stalker x2  
  49  4:16  Probe  
  54  4:19  Shield Battery  
  54  4:20  Probe  
  54  4:21  Shield Battery  
  54  4:22  Stalker  
  57  4:25  Observer (Chrono Boost)  
  57  4:28  Probe  
  59  4:48  Stalker  
  61  4:55  Pylon  
  61  4:56  Pylon  
  61  4:59  Pylon  
  51  5:15  Probe  
  51  5:16  Probe  
  51  5:20  Assimilator  
  53  5:22  Twilight Council  
  53  5:23  Stalker x3, Assimilator  
  53  5:27  Pylon, Probe  
  53  5:28  Probe  
  58  5:39  Probe  
  58  5:40  Probe  
  55  5:45  Stalker x2  
  55  5:48  Stalker  
  58  5:51  Probe  
  58  5:52  Probe  
  60  6:03  Probe  
  60  6:04  Probe, Gateway  
  61  6:05  Gateway  
  61  6:08  Gateway  
  61  6:14  Adept x3  
Tags
 
Add a new tag
Caveats
  • Supply blocks, unpowered buildings, or Contaminate may cause inaccurate times.
  • Supply counts are checked every 10 seconds.